 Dungeon Crawl Stone Soup version 0.29.1-13-g9f3cf754e1 (webtiles) character file.

Game seed: 12851017516270237733

34 Exodus22XD the Covered (level 3, 33/33 HPs)
             Began as a Minotaur Fighter on Feb 4, 2023.
             Was a Follower of Wu Jian.
             Quit the game on level 2 of the Dungeon.
             The game lasted 00:00:41 (731 turns).

Exodus22XD the Covered (Minotaur Fighter)            Turns: 731, Time: 00:00:42

Health: 33/33      AC:  7    Str: 22    XL:     3   Next: 14%
Magic:  2/2        EV:  9    Int:  5    God:    Wu Jian [*.....]
Gold:   32         SH:  4    Dex:  9    Spells: 2/2 levels left

rFire   . . .      SeeInvis .   a - +0 war axe
rCold   . . .      Faith    .   c - +0 buckler
rNeg    . . .      Spirit   .   b - +0 scale mail
rPois   .          Reflect  .   (helmet restricted)
rElec   .          Harm     .   (no cloak)
rCorr   .          Rampage  .   (no gloves)
Will    .....                   (no boots)
Stlth   ..........              (no amulet)
HPRegen 0.11/turn               (no ring)
MPRegen 0.08/turn               (no ring)

@: no status effects
A: horns 2, retaliatory headbutt
a: Renounce Religion


You were on level 2 of the Dungeon.
You worshipped Wu Jian.
Wu Jian was aware of your devotion.
You visited 1 branch of the dungeon, and saw 2 of its levels.

You collected 32 gold pieces.

Inventory:

Hand Weapons
 a - a +0 war axe (weapon)
Armour
 b - a +0 scale mail (worn)
 c - a +0 buckler (worn)
Scrolls
 f - a scroll of amnesia {unknown}
 g - a scroll of poison {unknown}
 j - a scroll of vulnerability {unknown}
 k - a scroll of identify {unknown}
Potions
 d - 2 potions of might
 e - a potion of curing {unknown}
 h - a potion of heal wounds {unknown}
 i - a potion of brilliance {unknown}


   Skills:
 + Level 4.0 Fighting
 + Level 3.0 Axes
 + Level 4.1 Armour
 + Level 4.0 Shields


You had 2 spell levels left.
You didn't know any spells.
Your spell library was empty.

Dungeon Overview and Level Annotations

Branches:
Dungeon (2/15)

Altars:
Wu Jian

Annotations:
D:2 Jessica


Innate Abilities, Weirdness & Mutations

You have a pair of horns on your head.
You reflexively headbutt those who attack you in melee.


Message History

You barely miss the bat.
The bat is severely wounded.
The bat closely misses you. The bat hits you but does no damage.
You hit the bat.
You kill the bat!
A ball python comes into view.
The ball python hisses angrily.
A ball python is nearby!
A ball python is nearby!
A ball python is nearby!
The ball python closely misses you. You furiously retaliate!
You headbutt the ball python!
You kill the ball python!
k - a scroll labelled XITOTR BOFYW A hobgoblin comes into view.
The hobgoblin shouts!
A hobgoblin is nearby!
You barely miss the hobgoblin. The hobgoblin barely misses you.
You furiously retaliate!
You headbutt the hobgoblin!
You kill the hobgoblin!
You see here a hobgoblin corpse.
Found a faded altar of an unknown god.
Key pressed, stopping explore.
No target in view!
No target in view! 2 goblins come into view.
The goblin shouts!
You hear a shout! x2
A goblin comes into view. It is wielding a +0 club.
Jessica and a goblin come into view.
Jessica shouts!
The goblin shouts! x2
Jessica looks very angry.
There are monsters nearby!
Jessica gestures wildly.
There is a faded altar of an unknown god here.
You cannot tell which god this altar belongs to.
Convert to them anyway?
Wu Jian accepts your prayer! The Council welcomes you!
You can now perform damaging attacks by moving towards foes.
You can now lightly attack monsters by moving around them.
Are you sure you want to abandon this character and quit the game? (Confirm with "yes".)

#.#.##.# ######....#.#
g.gg.g......# #....# #.#g## #.#.#
#@#@# ##### ####### #.#g# †...#
###..@.g###..#.# ###.####
###.........####.####### #
#....###.........@.gg..........
#######.........................#
..................###.........###
†.........######### ###.....###
........#### ####### #.....####.#
##########.#


You could see Jessica and 3 goblins.

Vanquished Creatures
  2 dart slugs (D:1)
  4 ball pythons
  4 endoplasms (D:1)
  A giant cockroach (D:1)
  A hobgoblin (D:2)
  2 jackals (D:1)
  5 kobolds (D:1)
  A quokka (D:1)
  2 bats
  2 frilled lizards (D:1)
  2 rats (D:1)
26 creatures vanquished.

Notes
Turn   | Place    | Note
-------+----------+-------------------------------------------
     0 | D:1      | Exodus22XD the Minotaur Fighter began the quest for the
                  | Orb.
     0 | D:1      | Reached XP level 1. HP: 19/19 MP: 0/0
   213 | D:1      | Reached XP level 2. HP: 27/27 MP: 1/1
   517 | D:1      | Reached XP level 3. HP: 28/33 MP: 2/2
   688 | D:2      | Found a faded altar of an unknown god.
   714 | D:2      | Noticed Jessica
   730 | D:2      | Prayed at the altar of an unknown god.
   730 | D:2      | Became a worshipper of the Wu Jian Council
   730 | D:2      | Reached * piety under Wu Jian
   731 | D:2      | Quit the game

Illustrated notes

Levels and vault maps discovered:
D:1:      minmay_arrival_four_circles, layout_rooms,
          wander_ebering_terrifying_dragon_lair
D:2:      layout_loops_ring, hellmonk_ecumenical_altar_zigzags,
          hangedman_decor_lopped, minmay_pentomino_p2, uniq_jessica, uniq_robin

Skill      XL: |  1  2 |
---------------+-------+-----
Fighting       | 4 |  4.0
Armour         | 4 |  4.1
Shields        | 4 |  4.0
Axes           | 3 |  3.0

Action                   || total
-------------------------++-------
Melee: War axe           ||    47
       Headbutt          ||     4
Armor: Scale mail        ||    30
Dodge: Dodged            ||    30
Block: Buckler           ||    10
